Unix NetHack Version 3.7.0-82 Work-in-progress - last build Apr 17 2023 03:07:26 (e853d47aa369caa3f400cfc56ad4c4ae4a18b75a,branch:master). Game began 2023-04-22 09:27:37, ended 2023-04-22 11:12:01. tromix, neutral female gnomish Ranger -------- ------ |....^..## -------------- |....| ##....{..| #a@####### |............| |....| # -|----|- # |............-#########0 ------------ |....| # # # ##-............| ######-..........| |.....### # # |............| |..........| |....| ## # # -------.----.- #####-..........| |{...| # # # # #0 # ------------ ----.- 0# # # # # # # # # ### ## #### # # 0#0### # # ## # # ## ------.----- # # # #### ## |..........| # # # # ####-...<......| ----|---- # ### # # # # |..........| |.......| --|-- ## -.-|-####### ------------ |.......-####|...|## |...|# ### |.......| #|...|# |.>..### --------- #.....# ----- ----- Tromix the Trailblazer St:15 Dx:10 Co:14 In:15 Wi:14 Ch:9 Neutral Dlvl:3 $:43 HP:0(37) Pw:27(27) AC:2 Exp:6 T:3876 Burdened Latest messages: With great effort you move the boulder. You try to move the boulder, but in vain. You find a hidden door. The door resists! The door opens. You hear the footsteps of a guard on patrol. Where do you want to travel to? (For instructions type a '?') You kill the lichen! Where do you want to travel to? (For instructions type a '?') You hit the giant ant! The giant ant misses! The giant ant bites! The giant ant bites! The giant ant bites! You hit the giant ant. The giant ant bites! You hit the giant ant. The giant ant bites! You miss the giant ant. The giant ant bites! The giant ant bites! The giant ant bites! The giant ant bites! You hit the giant ant. The giant ant bites! Suddenly, the giant ant falls into a hole. You miss the giant ant. The giant ant bites! You hit the giant ant. The giant ant bites! The giant ant bites! You miss the giant ant. The giant ant bites! You hit the giant ant. The giant ant bites! The giant ant bites! You kill the giant ant! The giant ant misses! The giant ant bites! You hit the giant ant. The giant ant bites! The giant ant bites! You miss the giant ant. The giant ant bites! You die... Do you want your possessions identified? [ynq] (y) y Do you want to see your attributes? [ynq] (y) y Do you want an account of creatures vanquished? [ynaq] (y) q Inventory: Coins $ - 43 gold pieces Amulets S - a cursed amulet of restful sleep Weapons G - 7 cursed +0 arrows c - 53 +2 crossbow bolts (in quiver pouch) d - 31 +0 crossbow bolts b - a +1 crossbow (alternate weapon; not wielded) K - a +1 dagger (weapon in hand) C - a +0 dagger M - 2 +0 elven daggers Armor k - an uncursed +0 orcish helm (being worn) R - an uncursed +0 orcish helm D - an uncursed +0 pair of iron shoes (being worn) p - an uncursed burnt +2 cloak of displacement (being worn) m - an uncursed +0 mummy wrapping h - an uncursed +0 studded leather armor (being worn) Comestibles w - 4 uncursed cram rations X - 2 uncursed tripe rations Scrolls j - an uncursed scroll of identify l - a blessed scroll of teleportation Spellbooks v - an uncursed spellbook of create monster Potions P - an uncursed potion of enlightenment A - an uncursed potion of full healing g - a cursed potion of monster detection i - an uncursed potion of sleeping t - an uncursed potion of water Rings T - an uncursed ring of conflict L - an uncursed ring of sustain ability Wands W - a wand of digging (0:3) n - a wand of probing (0:8) Tools f - an uncursed sack containing 5 items a - an uncursed blindfold s - an uncursed lock pick F - an uncursed oil lamp e - an uncursed skeleton key Gems/Stones U - an uncursed agate stone r - 2 uncursed aquamarine stones H - an uncursed garnet stone B - an uncursed worthless piece of black glass x - an uncursed worthless piece of blue glass u - 2 uncursed worthless pieces of red glass o - 2 uncursed worthless pieces of violet glass q - an uncursed worthless piece of yellowish brown glass Contents of the sack: a cursed scroll of enchant armor a cursed scroll of fire an uncursed scroll of magic mapping an uncursed scroll of teleportation an uncursed potion of see invisible Tromix the Ranger's attributes: Background: You were a Trailblazer, a level 6 female gnomish Ranger. You were neutral, on a mission for Venus who was opposed by Mercury (lawful) and Mars (chaotic). You were in the Dungeons of Doom, on level 3. You entered the dungeon 3876 turns ago. There was a new moon in effect when your adventure ended. You had 405 experience points, 235 more were needed to attain level 7. Basics: You had 0 out of 37 hit points. You had all 27 energy points (spell power). Your armor class was 2. Your wallet contained 43 zorkmids. Autopickup was off. Final Characteristics: Your strength was 15 (limit:18/50). Your dexterity was 10 (limit:18). Your constitution was 14 (limit:18). Your intelligence was 15 (limit:19). Your wisdom was 14 (limit:18). Your charisma was 9 (limit:18). Final Status: You were not hungry. You were burdened; movement was slightly slowed. You were wielding a dagger. You had basic skill with dagger and could have enhanced that. Final Attributes: You were piously aligned. You were telepathic. You had automatic searching. You had infravision. You were displaced. You were warded. You are dead. Miscellaneous: You disabled loading of bones levels. Total elapsed playing time was 52 minutes and 11 seconds. Major events: Turn 1: tromix the neutral female gnomish Ranger entered the dungeon 486: entered the Gnomish Mines 898: attained the rank of Lookout (level 3) 3407: attained the rank of Trailblazer (level 6) 3876: killed by a giant ant Vanquished creatures: a small mimic a kobold mummy a giant ant a little dog 3 floating eyes a kitten a dwarf a homunculus 3 kobold shamans a rothe a giant bat a monkey 4 dwarf zombies 4 iguanas an acid blob 2 coyotes a gas spore 2 hobbits 8 manes 4 large kobolds 2 giant rats a cave spider 2 brown molds 2 gnomes a gnome zombie 4 geckos 4 jackals 2 kobolds 3 goblins 7 grid bugs 3 bats 4 lichens a kobold zombie 6 newts 84 creatures vanquished. No species were genocided or became extinct. Voluntary challenges: You read items or engraved 1 time. You never engraved Elbereth. You never genocided any monsters. You never polymorphed an object. You never changed form. You used no wishes. Achievements: You entered the Gnomish Mines. You entered a temple. You attained the rank of Lookout. You entered a shop. You attained the rank of Trailblazer. The Dungeons of Doom: levels 1 to 4 Level 1: An altar to Venus, many fountains. Level 2: A jewelers. Stairs down to The Gnomish Mines. Level 3: <- You were here. Some fountains. Final resting place for you, killed by a giant ant. Level 4: The Gnomish Mines: levels 3 to 5 Level 3: Level 4: Level 5: Many shops, a temple, some fountains. Game over: ---------- / \ / REST \ / IN \ / PEACE \ / \ | tromix | | 43 Au | | killed by a | | giant ant | | | | | | 2023 | *| * * * | * _________)/\\_//(\/(/\)/\//\/|_)_______ Goodbye tromix the Ranger... You died in The Dungeons of Doom on dungeon level 3 with 1869 points, and 43 pieces of gold, after 3876 moves. You were level 6 with a maximum of 37 hit points when you died.